 Dungeon Crawl Stone Soup version 0.28-a0-239-g68911e0c57 (webtiles) character file.

Game seed: 8187797303905277162

63 Colgate the Cudgeller (level 4, -1/28 HPs)
             Began as a Kobold Fighter on Aug 23, 2021.
             Was an Initiate of Ru.
             Slain by Grinder (2 damage)
             ... on level 3 of the Dungeon.
             The game lasted 00:00:58 (2417 turns).

Colgate the Cudgeller (Kobold Fighter)              Turns: 2417, Time: 00:00:59

Health: -1/28      AC:  6    Str: 13    XL:     4   Next: 30%
Magic:  4/4        EV: 12    Int:  9    God:    Ru [......]
Gold:   50         SH:  5    Dex: 15    Spells: 3/3 levels left

rFire   . . .      SeeInvis .   Y - +1 flail
rCold   . . .      Faith    .   c - +0 buckler
rNeg    . . .      Spirit   .   a - +0 ring mail
rPois   .          Reflect  .   (no helmet)
rElec   .          Harm     .   (no cloak)
rCorr   .          Rampage  .   g - +0 pair of gloves
Will    .....                   (no boots)
Stlth   ++........              (no amulet)
HPRegen 0.09/turn               (no ring)
MPRegen 0.09/turn               (no ring)

@: no status effects
A: small, no large weapons, nightstalker 3
a: Renounce Religion, Sacrifice Stealth, Sacrifice Experience, Sacrifice Skill,
Reject Sacrifices


You were on level 3 of the Dungeon.
You worshipped Ru.
Ru was noncommittal.
You visited 1 branch of the dungeon, and saw 3 of its levels.

You collected 50 gold pieces.


Innate Abilities, Weirdness & Mutations

You are small and have problems with some larger weapons.
You are completely attuned to the shadows.


   Skills:
 - Level 3.2 Fighting
 + Level 3.4 Maces & Flails
 - Level 2.4 Armour
 - Level 2.0 Dodging
 - Level 2.4 Shields


You had 3 spell levels left.
You didn't know any spells.
Your spell library was empty.

Inventory:

Hand Weapons
 Y - a +1 flail (weapon)
Armour
 a - a +0 ring mail (worn)
 b - a +0 helmet
 c - a +0 buckler (worn)
 g - a +0 pair of gloves (worn)
Jewellery
 h - a ring of protection from fire
Scrolls
 e - 2 scrolls of teleportation
Potions
 d - a potion of might
 f - a potion of lignification {unknown}
 i - a potion of brilliance {unknown}
 j - a potion of curing {unknown}

Dungeon Overview and Level Annotations

Branches:
Dungeon (3/15)

Altars:
Ru

Annotations:
D:3 1 runed translucent door, Crazy Yiuf, Grinder


Message History

The hobgoblin is severely wounded.
You block the hobgoblin's attack.
You hit the hobgoblin.
You kill the hobgoblin!
You barely miss the endoplasm. The endoplasm misses you.
You hit the endoplasm but do no damage. The endoplasm misses you.
You hit the endoplasm but do no damage. The endoplasm closely misses you.
You hit the endoplasm.
The endoplasm is almost dead.
The endoplasm freezes you.
You are frozen.
The endoplasm closely misses you.
You hit the endoplasm.
You kill the endoplasm!
Found a stone staircase leading up.
Enter note:
Enter note:
Found a mace.
Enter note: You see here a hobgoblin corpse.
Ru believes you are ready to make a new sacrifice.
An endoplasm and Grinder come into view.
Grinder shouts!
You hit Grinder.
Grinder is lightly wounded.
Grinder says, "You look like you could use a good racking."
Grinder hits you.
You writhe in agony.
Grinder misses you.
You hit Grinder.
Grinder is lightly wounded.
The endoplasm barely misses you. Grinder hits you!
You writhe in agony.
The endoplasm barely misses you.
You barely miss Grinder.
Grinder is lightly wounded.
You block Grinder's attack. The endoplasm closely misses you.
You sock Grinder!
Grinder is moderately wounded.
Grinder hits you!
You writhe in agony.
You die...

.. .# # .# #
###########J#.#
#
#.........@...#
#
#.#########5###
# #.#### .# #
#..... .# #
#.#### ## # #.#
# #.# #
#.####### #
#######.......#
#


You could see Grinder and an endoplasm.

Vanquished Creatures
  A gnoll (D:2)
  An adder (D:2)
  A worm (D:2)
  2 dart slugs
  4 endoplasms
  2 giant cockroaches (D:1)
  3 goblins
  5 hobgoblins
  4 jackals (D:3)
  A quokka (D:1)
  2 bats (D:2)
  A frilled lizard (D:2)
  3 kobolds
  5 rats
35 creatures vanquished.

Notes
Turn   | Place    | Note
-------+----------+-------------------------------------------
     0 | D:1      | Colgate the Kobold Fighter began the quest for the Orb.
     0 | D:1      | Reached XP level 1. HP: 14/14 MP: 1/1
     0 | D:1      | 0 ||| counter = 34
   121 | D:1      | Reached skill level 1 in Dodging
   146 | D:1      | Reached XP level 2. HP: 19/19 MP: 2/2
   554 | D:1      | 554 ||| READING scroll labelled WIUTUCWUGAU.
   569 | D:2      | 569 ||| STAIRDANCE
   580 | D:2      | 580 ||| STAIRDANCE
   784 | D:2      | Found a sacrificial altar of Ru.
   789 | D:2      | Became a worshipper of Ru the Awakened
   984 | D:2      | Reached XP level 3. HP: 23/23 MP: 3/3
  1043 | D:2      | Reached skill level 3 in Maces & Flails
  1556 | D:2      | Reached XP level 4. HP: 28/28 MP: 4/4
  1989 | D:2      | 1989 ||| UPGRADING to +0 ring mail.
  1999 | D:2      | 1999 ||| DROPPING +0 scale mail.
  2000 | D:2      | 2000 ||| UPGRADING to +0 pair of gloves.
  2005 | D:2      | 2005 ||| READING 2 scrolls labelled DEYS DIPNOITOECH.
  2010 | D:2      | 2010 ||| READING scroll labelled QUZE JEWAD.
  2011 | D:2      | 2011 ||| READING scroll labelled MASICI MUANOURU.
  2012 | D:2      | 2012 ||| READING scroll labelled KIADIACWOP.
  2352 | D:3      | Found a runed translucent door.
  2355 | D:3      | Noticed Crazy Yiuf
  2413 | D:3      | Noticed Grinder
  2417 | D:3      | HP: 1/28 [Grinder (9)]
  2417 | D:3      | Slain by Grinder

Levels and vault maps discovered:
D:1:      wander_arrival_estate, layout_basic
D:2:      layout_loops_corners, basic_altar, minmay_between
D:3:      layout_loops_ring, moated_statue, minmay_misc_feat_square,
          uniq_crazy_yiuf_cottage, uniq_grinder, uniq_robin

Skill      XL: |  1  2  3 |
---------------+----------+-----
Maces & Flails | 2 3 |  3.4
Dodging        | 1 2 |  2.0
Fighting       | |  3.2
Armour         | |  2.4
Shields        | |  2.4

Action                   |  1- 3 |  4- 6 || total
-------------------------+-------+-------++-------
Melee: Flail             |    70 |    40 ||   110
  Use: Scroll            |     1 |     4 ||     5
 Stab: Distracted        |       |     1 ||     1
Armor: Scale mail        |    16 |     3 ||    19
       Ring mail         |       |     9 ||     9
Dodge: Dodged            |    25 |    24 ||    49
Block: Buckler           |    14 |     9 ||    23

Table legend:
 A = Non-vault XP
 B = Vault XP
 C = Vault XP percentage of total XP
 D = Non-vault monster count
 E = Vault monster count
 F = Vault count percentage of total count
                 A         B        C        D         E       F
            +---------+---------+-------+---------+---------+-------
      Total |      71 |      19 |  21.1 |      31 |       4 |  11.4
            +---------+---------+-------+---------+---------+-------
        D:1 |      21 |       0 |   0.0 |      13 |       0 |   0.0
        D:2 |      32 |      19 |  37.3 |      10 |       4 |  28.6
        D:3 |      18 |       0 |   0.0 |       8 |       0 |   0.0
            +---------+---------+-------+---------+---------+-------
